[Event "*** SCC Grand Prix: Titled Tuesday Blitz"]
[Site "Chess.com"]
[Date "2020.09.08"]
[Round "4"]
[White "juancruzarias"]
[Black "azikom"]
[Result "1/2-1/2"]
[WhiteElo "2445"]
[BlackElo "2635"]
[TimeControl "180+1"]
[EndTime "10:38:52 PDT"]
[Termination "Game drawn by repetition"]

1. d4 d5 2. c4 c6 3. cxd5 cxd5 4. Bg5 Nf6 5. Bxf6 gxf6 6. Nc3 Nc6 7. e3 e6 8. g3 Bd7 9. Bg2 Qb6 10. Nge2 O-O-O 11. O-O Kb8 12. b4 Bxb4 13. Rb1 Qa5 14. Qb3 Qa3 15. Qc2 Rc8 16. Rb3 Qa5 17. Rfb1 Rc7 18. Qb2 Rhc8 19. a3 Bxc3 20. Rxb7+ Ka8 21. Nxc3 Qa6 22. Rxc7 Rxc7 23. Bf1 Qa5 24. Qb3 Bc8 25. Bb5 Nd8 26. Na4 Nb7 27. Bd3 h6 28. Nc5 Qb6 29. Qa2 Qd6 30. Qb2 Qb6 31. Qa2 Qd6 32. Qb2 Qb6 33. Qe2 Qd6 34. Qb2 1/2-1/2

[Event "*** SCC Grand Prix: Titled Tuesday Blitz"]
[Site "Chess.com"]
[Date "2020.09.08"]
[Round "4"]
[White "MYMChessAcademy"]
[Black "BurningggIce"]
[Result "0-1"]
[WhiteElo "2076"]
[BlackElo "2324"]
[TimeControl "180+1"]
[EndTime "10:38:55 PDT"]
[Termination "BurningggIce won by checkmate"]

1. e4 e5 2. Nf3 Nc6 3. Bc4 Nf6 4. d4 exd4 5. O-O Nxe4 6. Re1 d5 7.
Bxd5 Qxd5 8. Nc3 Qh5 9. Nxe4 Be6 10. Bg5 h6 11. Bf6 Qd5 12. Bh4 Bd6 13. Nxd6+ Qxd6 14. Bg3 Qd8 15. Ne5 O-O 16. Nxc6 bxc6 17. Be5 c5 18. Qf3 Re8 19. Qg3 f6 20. Bxc7 Qd5 21. Bf4 Kh8 22. Rad1 Qxa2 23. Qf3 Qd5 24. Qxd5 Bxd5 25. Rxe8+ Rxe8 26. Bd6 c4 27. Bc5 d3 28. cxd3 cxd3 29. Be3 Bc4 30. b3 Bb5 31. Bxa7 Re2 32. Be3 Rb2 33. f3 Rxb3 34. Kf2 Rb2+ 35. Kg3 Kh7 36. Kf4 Rxg2 37. Ke4 Rxh2 38. Bf4 Re2+ 39. Kd4 g5 40. Bg3 h5 41. Kc5 Rb2 42. Re1 h4 43. Re7+ Kg6 44. Rd7 hxg3 45. Rd8 g2 46. Rg8+ Kf5 47. f4 g1=Q+ 48. Kd6 Qd4+ 49. Ke7 Qd7+ 50. Kf8 Bc4 51. fxg5 Rb8# 0-1

[Event "*** SCC Grand Prix: Titled Tuesday Blitz"]
[Site "Chess.com"]
[Date "2020.09.08"]
[Round "4"]
[White "Ramu_K_FM_FT"]
[Black "anon569"]
[Result "0-1"]
[WhiteElo "1954"]
[BlackElo "2250"]
[TimeControl "180+1"]
[EndTime "10:38:56 PDT"]
[Termination "anon569 won by checkmate"]

1. e4 c5 2. Nf3 d6 3. d3 g6 4.
g3 Bg7 5. Bg2 Nc6 6. O-O Nf6 7.
Re1 O-O 8. e5 Nd5 9. exd6 Qxd6 10. Nbd2 e5 11. Nc4 Qe6 12. Ng5 Qd7 13. a4 f6 14. Ne4 b6 15. Ned6 Nde7 16. c3 Ba6 17. Nb5 Rad8 18. Qb3 Kh8 19. Bf1 Bb7 20. Nbd6 Ba8 21.
Be3 Na5 22. Nxa5 Qxd6 23. Nc4 Qd5 24. a5 Qh1# 0-1

[Event "*** SCC Grand Prix: Titled Tuesday Blitz"]
[Site "Chess.com"]
[Date "2020.09.08"]
[Round "4"]
[White "manitodeplomo"]
[Black "HrvojeZagreb"]
[Result "1-0"]
[WhiteElo "2569"]
[BlackElo "2172"]
[TimeControl "180+1"]
[EndTime "10:38:57 PDT"]
[Termination "manitodeplomo won on time"]

1. d4 e6 2. c4 f5 3. g3 Nf6 4. Bg2 Be7 5. Nf3 O-O 6. O-O d6 7. b4 a5 8. b5 Qe8 9. a4 Nbd7 10. Ba3 e5 11. Nc3 e4 12. Ng5 Nb6 13. c5 Nc4 14. Qb3 d5 15. Nxd5 Nxd5 16. Qxc4 c6 17. Nh3 Be6 18. Qc2 Qh5 19. e3 Rf6 20. Qd1 Qh6 21.
Nf4 g5 22. Nxe6 Rxe6 23. Bc1 f4 24. Qg4 f3 25. Bh3 Rg6 26. Re1 Bf8 27. Bf1 Re8 28. bxc6 bxc6 29. Rb1 Nf6 30. Qf5 g4 31. Rb7 Rg5 32. Qf4 1-0

[Event "*** SCC Grand Prix: Titled Tuesday Blitz"]
[Site "Chess.com"]
[Date "2020.09.08"]
[Round "4"]
[White "Violord"]
[Black "harvsp123"]
[Result "1-0"]
[WhiteElo "2679"]
[BlackElo "2474"]
[TimeControl "180+1"]
[EndTime "10:38:58 PDT"]
[Termination "Violord won by resignation"]

1. e4 g6 2. d4 Bg7 3. c3 d5 4. e5 c5 5. Be3 Nc6 6. dxc5 Nxe5 7. Bd4 Kf8 8. Nd2 Bg4 9. Qb3 Qd7 10. h3 Bf5 11.
Ngf3 Nxf3+ 12. Nxf3 Nf6 13. Be2 h6 14. O-O g5 15.
Ne5 Qc7 16. f4 e6 17. g4 Be4 18. Qd1 Kg8 19. Qd2 Nd7 20. Nxd7 Qxd7 21. Bd3 gxf4 22. Bxg7 Bxd3 23. Bxh8 Bxf1 24. Qxf4 f5 25. Bd4 Bxh3 26. gxf5 Qh7 27. Qg3+ Kf7 28. Qxh3 Rg8+ 29. Kh2 exf5 30. Re1 Re8 31. Qh5+ Qg6 32. Qxg6+ Kxg6 1-0

[Event "*** SCC Grand Prix: Titled Tuesday Blitz"]
[Site "Chess.com"]
[Date "2020.09.08"]
[Round "4"]
[White "awesomevishesh"]
[Black "lacafi"]
[Result "1-0"]
[WhiteElo "2395"]
[BlackElo "2163"]
[TimeControl "180+1"]
[EndTime "10:38:58 PDT"]
[Termination "awesomevishesh won by resignation"]

1. e4 c6 2. Nf3 d5 3. d3 dxe4 4.
dxe4 Nd7 5. Bc4 e6 6. a4 Ngf6 7. Qe2 Bc5 8. O-O O-O 9. c3 a6 10. a5 Qc7 11. e5 Nd5 12. Bd3 Re8 13. h4 Nf8 14. h5 Ne7 15. Nbd2 Nf5 16. Ne4 Ba7 17.
g4 Ne7 18. h6 Nd7 19. hxg7 Kxg7 20. Qd2 Ng8 21. Qg5+ Kh8 22. Bf4 Bb8 23. Kg2 Qd8 24.
Qh5 Qe7 25. Rh1 f6 26. Nd6 Bxd6 27. exd6 Qg7 28. Qxe8 1-0

[Event "*** SCC Grand Prix: Titled Tuesday Blitz"]
[Site "Chess.com"]
[Date "2020.09.08"]
[Round "4"]
[White "romulocardoso"]
[Black "eCztery"]
[Result "0-1"]
[WhiteElo "2034"]
[BlackElo "2313"]
[TimeControl "180+1"]
[EndTime "10:38:58 PDT"]
[Termination "eCztery won by checkmate"]

1. e4 c5 2. Nf3 Nc6 3. d4 cxd4 4.
Nxd4 g6 5. Nc3 Bg7 6. Be3 Nf6 7. f3 O-O 8. Qd2 d5 9. O-O-O dxe4 10. Kb1 Nxd4 11.
Bxd4 exf3 12. gxf3 Be6 13. h4 Qa5 14. h5 Rac8 15.
hxg6 fxg6 16. Qh2 Rxc3 17. Bxc3 Qxa2+ 18. Kc1 Nh5 19. Bxg7 Kxg7 20. Qe5+ Rf6 21. Bd3 Nf4 22. Rh4 Nxd3+ 23. Rxd3 Qa1+ 24. Kd2 Qf1 25. Rd7 Qf2+ 26. Kc1 Qxh4 27. Rxe7+ Bf7 28. Rxb7 Qf4+ 29. Qxf4 Rxf4 30. Rxa7 h5 31. b4 h4 32. b5 h3 33. b6 h2 34. b7 Rb4 35. c3 Rb6 36. Kd2 h1=Q 37. Kd3 Qxf3+ 38. Kd4 Rxb7 39. Kc5 Rxa7 40. c4 Qf5+ 41. Kb4 Rb7+ 42. Kc3 Qf3+ 43. Kd4 Qf4+ 44. Kc5 Rc7+ 45. Kb6 Qd6+ 46. Ka5 Rb7 47. Ka4 Qa6# 0-1

[Event "*** SCC Grand Prix: Titled Tuesday Blitz"]
[Site "Chess.com"]
[Date "2020.09.08"]
[Round "4"]
[White "MashaFromRussia"]
[Black "teacher4chess"]
[Result "0-1"]
[WhiteElo "2356"]
[BlackElo "2105"]
[TimeControl "180+1"]
[EndTime "10:38:59 PDT"]
[Termination "teacher4chess won by resignation"]

1. d4 d5 2. c4 c6 3. Nf3 Nf6 4. Nc3 Ne4 5. Nxe4 dxe4 6. Ng5 e5 7. dxe5 Qa5+ 8. Bd2 Qxe5 9. Qc2 Bf5 10. g4 Bg6 11. Qb3 b6 12. O-O-O Be7 13. f4 exf3 14. exf3 Bxg5 15.
Bd3 Bxd2+ 16. Rxd2 Bxd3 17. Qxd3 O-O 18. c5 Qxc5+ 19.
Kb1 a5 20. h4 Na6 21. a3 Qb5 22. Qc2 Nc5 23. g5 Nb3 24. Rd3 a4 25. h5 Rad8 26.
Re3 Qxg5 27. f4 Qxf4 28. Ree1 Rd2 29. Qxc6 Qd4 0-1

[Event "*** SCC Grand Prix: Titled Tuesday Blitz"]
[Site "Chess.com"]
[Date "2020.09.08"]
[Round "4"]
[White "krasavetc"]
[Black "ehrenfeld"]
[Result "1/2-1/2"]
[WhiteElo "2348"]
[BlackElo "2556"]
[TimeControl "180+1"]
[EndTime "10:39:00 PDT"]
[Termination "Game drawn by repetition"]

1. e4 e5 2. Nf3 Nc6 3. Bc4 Nf6 4. d4 exd4 5. O-O Nxe4 6. Nxd4 d5 7. Bb5 Bd7 8. c4 Bc5 9. Be3 Bxd4 10. Bxd4 O-O 11. cxd5 Nxd4 12. Bxd7 Qf6 13. Nc3 Nxc3 14. bxc3 Rad8 15.
Bh3 Nb5 16. c4 Nd6 17. Qb3 b6 18. Rad1 Ne4 19. Qa3 a5 20. Bg4 Nc5 21. Bf3 Rfe8 22. Rfe1 g6 23. h3 h5 24. Qc1 h4 25. Qh6 a4 26.
Re3 Rxe3 27. Qxe3 Kg7 28. Re1 Rd7 29. Qe8 Qd8 30. Qe5+ Qf6 31. Qe8 Qd8 32. Qe5+ Qf6 33. Qe8 1/2-1/2

[Event "*** SCC Grand Prix: Titled Tuesday Blitz"]
[Site "Chess.com"]
[Date "2020.09.08"]
[Round "4"]
[White "Misticpikachu"]
[Black "sodastream007"]
[Result "0-1"]
[WhiteElo "2266"]
[BlackElo "2549"]
[TimeControl "180+1"]
[EndTime "10:39:01 PDT"]
[Termination "sodastream007 won by checkmate"]

1. c4 Nf6 2. Nc3 c6 3. Nf3 d5 4. e3 e6 5. b3 Bd6 6. Bb2 e5 7. cxd5 cxd5 8. Nb5 Nc6 9. Nxd6+ Qxd6 10. Bb5 e4 11. Ne5 h5 12. Rc1 Bd7 13. Nxd7 Nxd7 14.
Qc2 Rc8 15. O-O a6 16. Bxc6 Rxc6 17. Qb1 Qg6 18. Rxc6 bxc6 19. Rc1 h4 20. Qc2 Rh6 21. Qc3 h3 22. g3 Qh5 23. Qxg7 Qf3 24. Qg8+ Nf8 25.
Kf1 d4 26. Bxd4 Qh1+ 27. Ke2 Qxc1 28. Bg7 Qc5 29. Bxh6 Qh5+ 30. Ke1 Qxh6 31. Qg4 Qe6 32. Qf4 Nd7 33. Qc7 Qd5 34. Qc8+ Ke7 35. Qh8 Ne5 36. Qxh3 Nf3+ 37. Kf1 Qxd2 38. Qf5 Qc1+ 39. Kg2 Qg1+ 40. Kh3 Qxh2+ 41. Kg4 f6 42. Qxe4+ Ne5+ 43. Kf4 Qxf2+ 44. Qf3 Qxf3# 0-1

[Event "*** SCC Grand Prix: Titled Tuesday Blitz"]
[Site "Chess.com"]
[Date "2020.09.08"]
[Round "4"]
[White "KonstantinB_1983"]
[Black "Karina_Ivanova"]
[Result "1-0"]
[WhiteElo "2517"]
[BlackElo "2257"]
[TimeControl "180+1"]
[EndTime "10:39:02 PDT"]
[Termination "KonstantinB_1983 won by resignation"]

1. d4 Nf6 2. c4 e6 3. Nf3 b6 4. g3 Bb7 5. Bg2 Be7 6. O-O O-O 7. Bf4 d6 8. Qc1 Nbd7 9. Rd1 Qc8 10. Nc3 Ne4 11.
Nb5 a6 12. Na3 c5 13. dxc5 dxc5 14. Qc2 Rd8 15. h4 h6 16. Rd3 Ndf6 17. Rad1 Rxd3 18. Rxd3 Bc6 19. Ne5 Bb7 20. Qd1 g5 21. hxg5 hxg5 22. Be3 g4 23. Nd7 Nxd7 24. Rxd7 Bf6 25. Qd3 Bxb2 26.
Rxb7 Bxa3 27. Bxe4 Bb2 28. Rd7 Rb8 29. Bf4 e5 30.
Qd5 Qe8 31. Bg6 1-0

[Event "*** SCC Grand Prix: Titled Tuesday Blitz"]
[Site "Chess.com"]
[Date "2020.09.08"]
[Round "4"]
[White "Yaacovn"]
[Black "chito89"]
[Result "1-0"]
[WhiteElo "2919"]
[BlackElo "2731"]
[TimeControl "180+1"]
[EndTime "10:39:04 PDT"]
[Termination "Yaacovn won on time"]

1. d4 g6 2. Nf3 Bg7 3. e3 d6 4. Bc4 Nf6 5. O-O O-O 6. b3 Nc6 7. Bb2 e5 8. dxe5 Ng4 9. Be2 Ngxe5 10. Nxe5 Nxe5 11. Qc1 a5 12. c4 a4 13. Nc3 Bd7 14.
Nd5 Bc6 15. Bc3 Bxd5 16. cxd5 f5 17. Qd2 axb3 18. axb3 Qe7 19. h3 g5 20. Rxa8 Rxa8 21. Ra1 Rxa1+ 22. Bxa1 Nf3+ 23. Bxf3 Bxa1 24. Qc2 Qf7 25.
Be2 Be5 26. Bd3 f4 27. Bf5 Qxd5 28. Bxh7+ Kf8 29. Be4 Qa5 30. exf4 Qe1+ 31. Kh2 gxf4 32. Bf3 c6 33. h4 Kg7 34. h5 Kh8 35. h6 Qc3 36. Qg6 Qd4 37. Be4 f3+ 38. Kh3 1-0

[Event "*** SCC Grand Prix: Titled Tuesday Blitz"]
[Site "Chess.com"]
[Date "2020.09.08"]
[Round "4"]
[White "glebus008"]
[Black "kayrakamer"]
[Result "0-1"]
[WhiteElo "2165"]
[BlackElo "2601"]
[TimeControl "180+1"]
[EndTime "10:39:04 PDT"]
[Termination "kayrakamer won by checkmate"]

1. e4 c5 2. Nf3 e6 3. g3 d5 4.
exd5 exd5 5. d4 Nc6 6. Bg2 Nf6 7. O-O Be7 8. dxc5 O-O 9. a3 Bxc5 10. b4 Bb6 11. Bb2 Bg4 12. Qd3 Ne4 13. Nc3 Bxf3 14. Qxf3 Nd2 15. Qg4 Ne5 16. Qe2 Nxf1 17. Qxe5 Nd2 18.
Ne4 f6 19. Qe6+ Kh8 20. Nxd2 Re8 21. Qxd5 Re2 22. Qxd8+ Rxd8 23. Ne4 Rxc2 24. Rb1 f5 25. Ng5 Rdd2 26. Be5 Rxf2 27. Nf7+ Kg8 28. Bd5 Rg2+ 29. Kf1 Rcf2+ 30. Ke1 Rg1# 0-1

[Event "*** SCC Grand Prix: Titled Tuesday Blitz"]
[Site "Chess.com"]
[Date "2020.09.08"]
[Round "4"]
[White "FLamps8"]
[Black "XDPS"]
[Result "0-1"]
[WhiteElo "2514"]
[BlackElo "2789"]
[TimeControl "180+1"]
[EndTime "10:39:05 PDT"]
[Termination "XDPS won by checkmate"]

1. d4 d5 2. Bf4 Nf6 3. Nc3 a6 4. e3 Bg4 5. f3 Bd7 6. g4 e6 7.
Bd3 c5 8. h4 Nc6 9. dxc5 Bxc5 10.
e4 Qb6 11. Na4 Qa5+ 12. c3 dxe4 13. Nxc5 Qxc5 14. fxe4 e5 15. Bg5 Nxg4 16. Qe2 h5 17. Nf3 Be6 18. O-O-O f6 19. Bd2 Nb4 20. a3 Nxd3+ 21.
Qxd3 Rd8 22. Qe2 Bb3 23. Rdg1 O-O 24. Nh2 Be6 25. Nxg4 Bxg4 26. Rxg4 hxg4 27. Qxg4 Rf7 28. h5 Qf2 29. Be1 Qf4+ 30. Qxf4 exf4 31. Rf1 Re7 32. Rxf4 Rde8 33. Bg3 Rxe4 34. Rf5 Rg4 35. Bc7 Rg2 36. h6 Re1# 0-1

[Event "*** SCC Grand Prix: Titled Tuesday Blitz"]
[Site "Chess.com"]
[Date "2020.09.08"]
[Round "4"]
[White "tteshan"]
[Black "Paladin61"]
[Result "0-1"]
[WhiteElo "2409"]
[BlackElo "2634"]
[TimeControl "180+1"]
[EndTime "10:39:07 PDT"]
[Termination "Paladin61 won by resignation"]

1. e4 c5 2. Nf3 d6 3. d4 cxd4 4. Nxd4 Nf6 5. f3 Nc6 6. c4 Qb6 7. Nc2 e6 8. Nc3 Be7 9. Be2 O-O 10. Rb1 Rd8 11. Be3 Qc7 12. O-O d5 13. exd5 exd5 14. cxd5 Be6 15. Qe1 Nxd5 16. Nxd5 Bxd5 17. b3 Bf6 18.
Qf2 Re8 19. Rfd1 Rad8 20. Bc5 Qa5 21. Ba3 h6 22. Bf1 Be6 23. Rxd8 Rxd8 24. b4 Qa4 25. Kh1 Bf5 26. b5 Qxc2 27. Qxc2 Bxc2 28. Rc1 Nd4 0-1

[Event "*** SCC Grand Prix: Titled Tuesday Blitz"]
[Site "Chess.com"]
[Date "2020.09.08"]
[Round "4"]
[White "aliba25"]
[Black "earling8018"]
[Result "1-0"]
[WhiteElo "2567"]
[BlackElo "2048"]
[TimeControl "180+1"]
[EndTime "10:39:07 PDT"]
[Termination "aliba25 won on time"]

1. d4 d6 2. e4 g6 3. c4 Bg7 4. Nc3 c5 5. d5 Bxc3+ 6. bxc3 Qa5 7. Qc2 Nf6 8. Bd3 O-O 9. f4 b5 10. cxb5 c4 11. Bxc4 Nxe4 12. Ne2 f5 13. Be3 Nd7 14.
O-O Ndc5 15. Bd4 Bd7 16. a4 a6 17. bxa6 Nxa6 18. Rfb1 Nac5 19. Ng3 Rfb8 20. Nxe4 Nxe4 21. Rxb8+ Rxb8 22. h3 Nc5 23. Qe2 Kf7 24. Re1 Ne4 25. Bd3 Qxa4 26. Bxe4 fxe4 27. Qxe4 Re8 28. f5 Bxf5 29. Qh4 Kg8 30. Rxe7 1-0

[Event "*** SCC Grand Prix: Titled Tuesday Blitz"]
[Site "Chess.com"]
[Date "2020.09.08"]
[Round "4"]
[White "skeyman"]
[Black "KetiGrant"]
[Result "1-0"]
[WhiteElo "2120"]
[BlackElo "2336"]
[TimeControl "180+1"]
[EndTime "10:39:07 PDT"]
[Termination "skeyman won on time"]

1. Nf3 Nf6 2. c4 g6 3. Nc3 Bg7 4. e3 d6 5. Qc2 O-O 6. b3 e5 7.
Bb2 Bg4 8. h3 Bxf3 9. gxf3 Nc6 10. a3 d5 11. cxd5 Nxd5 12. Ne4 Qd6 13. h4 Qe7 14.
Bc4 Rad8 15. h5 Na5 16. Be2 f5 17. Ng3 a6 18. b4 Nc6 19. hxg6 hxg6 20. Bc4 b5 21.
Bb3 Nb8 22. e4 c6 23. exd5 cxd5 24. d3 Rd6 25. Qd2 Nd7 26. O-O-O Nb6 27. Kb1 Na4 28. Ba1 Rc8 29. Rc1 Rcd8 30. Rhe1 Bf6 31. f4 Re6 32. fxe5 Bxe5 33. f4 Bxa1 34. Kxa1 Qf6+ 35. Ka2 Rxe1 36.
Rxe1 Nc3+ 37. Ka1 Ne4+ 38. Qb2 Qxb2+ 39. Kxb2 Nxg3 40. Re6 Kg7 41. Rxa6 Ne2 42. Rb6 Nxf4 43. Rxb5 Nxd3+ 44. Kc3 Nf4 45. Kd4 1-0

[Event "*** SCC Grand Prix: Titled Tuesday Blitz"]
[Site "Chess.com"]
[Date "2020.09.08"]
[Round "4"]
[White "szefru"]
[Black "Kaslask"]
[Result "0-1"]
[WhiteElo "2056"]
[BlackElo "2292"]
[TimeControl "180+1"]
[EndTime "10:39:08 PDT"]
[Termination "Kaslask won by resignation"]

1. e4 c5 2. Nf3 e6 3. b3 a6 4. Bb2 b6 5. d3 Bb7 6. g3 d6 7. Bg2 Nd7 8. O-O Ngf6 9. Nbd2 Be7 10.
c4 Qc7 11. Qe2 b5 12. Rac1 b4 13. d4 cxd4 14. Nxd4 Nc5 15. a3 bxa3 16. Bxa3 O-O 17.
b4 Ncd7 18. c5 dxc5 19. bxc5 Nxc5 20. Bxc5 Bxc5 21. N4b3 Nd7 22. Nxc5 Nxc5 23. Nb3 Qb6 24. Nxc5 Bc6 25. Rfd1 Bb5 26. Qe3 Rac8 27. Nd3 Qd6 28. Nf4 Qb4 29. Nh5 Qb2 30. e5 h6 31. Rb1 Qe2 32. Qf3 Qxe5 33. Nf4 g5 34. Nd3 Qg7 35. Qh5 Rc2 36. Ne1 Be2 37. Qh3 Bxd1 38. Rxd1 Re2 39. Qg4 Qb2 40. Nd3 Qc2 41. Rf1 Qxd3 42.
Be4 Qxe4 43. Qh3 Re1 44. Qxh6 Rxf1+ 45. Kxf1 Qh1+ 46. Ke2 Qe4+ 0-1

[Event "*** SCC Grand Prix: Titled Tuesday Blitz"]
[Site "Chess.com"]
[Date "2020.09.08"]
[Round "4"]
[White "wonderfultime"]
[Black "Ariadna_Atreides"]
[Result "1-0"]
[WhiteElo "2916"]
[BlackElo "2044"]
[TimeControl "180+1"]
[EndTime "10:39:09 PDT"]
[Termination "wonderfultime won by checkmate"]

1. c4 Nf6 2. Nc3 c6 3. e4 d5 4. e5 d4 5. exf6 dxc3 6. bxc3 exf6 7. d4 Bd6 8. Bd3 O-O 9. Ne2 Qc7 10. h3 Re8 11.
O-O b6 12. Ng3 g6 13. Ne4 Be7 14. Re1 Kg7 15. Qd2 Bd7 16. Qh6+ Kh8 17. Bf4 Qd8 18. Nd6 Bxd6 19. Bxd6 Be6 20. Bf4 Nd7 21. Re3 Nf8 22.
Rae1 Qd7 23. Kh2 Kg8 24. Bg3 Rad8 25. Rf3 f5 26. Be5 f6 27. Bxf6 Rc8 28. Rfe3 Bf7 29.
Qg7# 1-0

[Event "*** SCC Grand Prix: Titled Tuesday Blitz"]
[Site "Chess.com"]
[Date "2020.09.08"]
[Round "4"]
[White "CzechmVIII"]
[Black "banane_verte"]
[Result "1-0"]
[WhiteElo "2177"]
[BlackElo "2434"]
[TimeControl "180+1"]
[EndTime "10:39:10 PDT"]
[Termination "CzechmVIII won by resignation"]

1. e4 e6 2. d4 d5 3. Nc3 dxe4 4. Nxe4 Nd7 5. Nf3 Ngf6 6. Nxf6+ Nxf6 7. Bd3 Be7 8. Qe2 b6 9. Bb5+ Bd7 10. Ne5 O-O 11.
Bxd7 Nxd7 12. O-O Bd6 13. f4 Nf6 14. c4 c5 15. Be3 Rc8 16. Rad1 Qc7 17. dxc5 Bxc5 18.
b3 Rfd8 19. Kh1 Bxe3 20. Qxe3 Rxd1 21. Rxd1 Rd8 22. Rxd8+ Qxd8 23. h3 g6 24. Qf3 Kg7 25. Qb7 Qe8 26. Qxa7 Nh5 27. Qxb6 Nxf4 28. Qd4 Nh5 29.
Ng4+ f6 30. Qa7+ Kf8 31. Qxh7 Qc6 32. Qxg6 Ng3+ 33. Kh2 Nf1+ 34. Kg1 Nd2 35. Qh6+ Ke8 36. Qxd2 Qc5+ 37. Qf2 Qa3 38. Nxf6+ Ke7 39. Ne4 Qc1+ 40. Kh2 Qb1 41. Ng5 e5 42. Qg3 Qf5 43. Nf3 e4 44.
Qe5+ Qxe5+ 45. Nxe5 Ke6 46. Ng4 Kf5 47. Kg3 Kg5 48. Kf2 Kf4 49. Ke2 Kg3 50. Ke3 Kxg2 51. Kxe4 Kxh3 52. Ne5 Kg3 53. c5 Kf2 54. c6 Ke2 55. c7 Kd2 56. c8=Q 1-0

[Event "*** SCC Grand Prix: Titled Tuesday Blitz"]
[Site "Chess.com"]
[Date "2020.09.08"]
[Round "4"]
[White "MFguimaraes"]
[Black "MikeSailer"]
[Result "1-0"]
[WhiteElo "2404"]
[BlackElo "2116"]
[TimeControl "180+1"]
[EndTime "10:39:10 PDT"]
[Termination "MFguimaraes won by resignation"]

1. d4 d5 2. Nf3 Bf5 3. c4 e6 4. Nc3 Nc6 5. cxd5 exd5 6. e3 Nb4 7. e4 dxe4 8. Ne5 e3 9. Bb5+ c6 10. Qf3 Nc2+ 11. Kf1 Nxd4 12. Qxe3 Be7 13. Bc4 Nc2 14. Bxf7+ Kf8 15. Qf3 Nxa1 16. Qxf5 Nf6 17. Be6 Qd4 18. Be3 Qb4 19. Qb1 Rd8 20. Qxa1 Ne4 21. Nd7+ Rxd7 22. Bxd7 Qc4+ 23. Kg1 Qd3 24. Qd1 Qc4 25. Nxe4 Qxe4 26. Qf3+ Qxf3 27. gxf3 Kf7 28. Kg2 Rd8 29. Bf5 Bf6 30.
b3 g6 31. Be4 Re8 32. Rd1 Re7 33. Bxa7 b5 34. Bc5 Be5 35. Bxe7 1-0

[Event "*** SCC Grand Prix: Titled Tuesday Blitz"]
[Site "Chess.com"]
[Date "2020.09.08"]
[Round "4"]
[White "Maghalashvili"]
[Black "Zhani-Z"]
[Result "1-0"]
[WhiteElo "2736"]
[BlackElo "2499"]
[TimeControl "180+1"]
[EndTime "10:39:11 PDT"]
[Termination "Maghalashvili won on time"]

1. Nf3 d5 2. g3 c6 3. Bg2 Bg4 4. O-O e6 5. c4 Nd7 6. d4 Ngf6 7. h3 Bh5 8. cxd5 exd5 9. Qb3 Qb6 10. Qe3+ Be7 11.
Nh4 Bg6 12. Nc3 Qd8 13. Nxg6 hxg6 14. b4 O-O 15. b5 Bd6 16. bxc6 bxc6 17. Qd3 Re8 18.
Bg5 Qa5 19. Bd2 Qa3 20. Rab1 Rab8 21. Qc2 Nb6 22. Rb3 Qa6 23. e4 dxe4 24. Nxe4 Nxe4 25. Bxe4 Nd5 26. Rc1 Rbc8 27. Kg2 Ba3 28. Rcb1 Bf8 29. Rb7 Qe2 30. Bd3 Qe6 31. Re1 Qf6 32. Rxe8 Rxe8 33.
Qc4 Nb6 34. Qb3 Re7 35. Rb8 Qxd4 36. Be3 Qd5+ 37. Qxd5 Nxd5 38. Bc5 1-0

[Event "*** SCC Grand Prix: Titled Tuesday Blitz"]
[Site "Chess.com"]
[Date "2020.09.08"]
[Round "4"]
[White "13MiRacLe"]
[Black "MariaFominykh"]
[Result "1-0"]
[WhiteElo "2600"]
[BlackElo "2347"]
[TimeControl "180+1"]
[EndTime "10:39:12 PDT"]
[Termination "13MiRacLe won on time"]

1. e4 d6 2. d4 Nf6 3. Nc3 e5 4. Nf3 Nbd7 5. Rg1 c6 6. g4 exd4 7. Nxd4 Nc5 8. Qe2 Qe7 9. f3 g6 10. Bf4 Nfd7 11. O-O-O Ne5 12. Be3 Bg7 13. h3 O-O 14. f4 Ned7 15. Bg2 Ne6 16. Qd2 Ndc5 17. Rge1 Nxd4 18. Bxd4 Rd8 19. Bxc5 Bxc3 20. bxc3 Be6 21.
Bxd6 Qe8 22. a3 c5 23. f5 Qa4 24. fxe6 Qxa3+ 25. Kb1 fxe6 26. Qc1 1-0

[Event "*** SCC Grand Prix: Titled Tuesday Blitz"]
[Site "Chess.com"]
[Date "2020.09.08"]
[Round "4"]
[White "Hard_Utilizator"]
[Black "HouseOfDurin"]
[Result "1-0"]
[WhiteElo "2388"]
[BlackElo "2120"]
[TimeControl "180+1"]
[EndTime "10:39:12 PDT"]
[Termination "Hard_Utilizator won by resignation"]

1. e4 c5 2. Nc3 Nc6 3. f4 e5 4. Nf3 d6 5. d3 g6 6. h3 Nd4 7. Be3 Bg7 8. g4 h5 9. g5 Ne7 10. Bg2 Nec6 11. Qd2 Nxf3+ 12. Bxf3 Nd4 13. Bg2 Be6 14.
O-O-O Qa5 15. Kb1 O-O-O 16. Nd5 Qxd2 17. Rxd2 Bxd5 18. exd5 Nf5 19. Re2 Nxe3 20. Rxe3 exf4 21. Rf3 Be5 22. h4 Kc7 23. Re1 Rde8 24. Re4 Kd8 25. c3 Re7 26. Kc2 Rhe8 27. a4 b6 28. Bf1 f5 29.
gxf6 Bxf6 30. Rfxf4 Be5 31. Rf3 Rg7 32. Bh3 g5 33.
hxg5 Rxg5 34. Rf7 Re7 35. Rf8+ Re8 36. Rf7 Re7 37. Rxe7 Kxe7 38. d4 cxd4 39. cxd4 Rg3 40. Bc8 Rg2+ 41. Kb1 Rg4 42. Bxg4 hxg4 43. dxe5 dxe5 44.
Rxe5+ Kf6 45. Re1 Kf5 46. d6 1-0

[Event "*** SCC Grand Prix: Titled Tuesday Blitz"]
[Site "Chess.com"]
[Date "2020.09.08"]
[Round "4"]
[White "floplover"]
[Black "isainz"]
[Result "1-0"]
[WhiteElo "2318"]
[BlackElo "2069"]
[TimeControl "180+1"]
[EndTime "10:39:12 PDT"]
[Termination "floplover won by resignation"]

1. d4 Nf6 2. c4 g6 3. Nc3 Bg7 4.
e4 d6 5. Nf3 O-O 6. Be2 e5 7.
O-O Nc6 8. d5 Ne7 9. b4 a5 10.
bxa5 Rxa5 11. a4 c5 12. Bd2 Ra6 13. Rb1 Nh5 14. g3 f5 15. Ng5 f4 16. Bxh5 gxh5 17. Qxh5 h6 18. Ne6 Bxe6 19. dxe6 Qc8 20. a5 Qxe6 21.
Rxb7 Nc6 22. Nd5 fxg3 23. fxg3 Rxf1+ 24. Kxf1 Nd4 25. Ne7+ Kh7 26. Kg2 Ra8 27. Nf5 Nxf5 28. exf5 Qf6 29. g4 Rg8 30. a6 e4 31. Qg6+ Qxg6 32. fxg6+ Kxg6 33. a7 1-0

[Event "*** SCC Grand Prix: Titled Tuesday Blitz"]
[Site "Chess.com"]
[Date "2020.09.08"]
[Round "4"]
[White "PotapovaM"]
[Black "Rud_Makarian"]
[Result "0-1"]
[WhiteElo "2507"]
[BlackElo "2763"]
[TimeControl "180+1"]
[EndTime "10:39:13 PDT"]
[Termination "Rud_Makarian won by resignation"]

1. e4 e6 2. d4 d5 3. Bd3 dxe4 4. Bxe4 Nf6 5. Bf3 Nbd7 6. Ne2 Bd6 7. O-O O-O 8. g3 e5 9. Bg2 Re8 10. Nbc3 c6 11. h3 exd4 12. Nxd4 Ne5 13. Bg5 Bc5 14. Nb3 Qxd1 15. Raxd1 Bb6 16. Bxf6 gxf6 17. Ne4 Kg7 18.
Nd6 Rd8 19. c4 Bc7 20. c5 Bxd6 21. Rxd6 Be6 22. Nd4 Rxd6 23. cxd6 Rd8 24. Rd1 Nc4 25. d7 Nb6 26. Re1 Bxd7 27. Re7 Kf8 28. Re2 Bxh3 29. Nb3 Bg4 30. Rc2 Bd1 31. Rd2 Rxd2 32. Nxd2 Ke7 33. Kf1 Na4 34. b3 Nc3 35. Ke1 Bc2 36. a3 h6 37. Nf3 Bxb3 38. Nd4 Be6 39. Kd2 Nb1+ 40.
Ke3 Nxa3 41. f4 Nc4+ 42. Kd3 Nd6 43. Bf3 c5 44. Nc2 Bf5+ 45. Kc3 Bxc2 0-1

[Event "*** SCC Grand Prix: Titled Tuesday Blitz"]
[Site "Chess.com"]
[Date "2020.09.08"]
[Round "4"]
[White "Happy1712Drummer"]
[Black "beto-betun"]
[Result "1-0"]
[WhiteElo "2408"]
[BlackElo "2126"]
[TimeControl "180+1"]
[EndTime "10:39:13 PDT"]
[Termination "Happy1712Drummer won on time"]

1. Nf3 Nf6 2. c4 g6 3. Nc3 Bg7 4. e4 d6 5. d4 O-O 6. Be2 e5 7. d5 Nbd7 8. Bg5 a5 9. Nd2 Nc5 10. h4 h6 11. Be3 b6 12. g4 Nh7 13. h5 g5 14. Nf1 Nf6 15. Ng3 Bd7 16. Bxc5 bxc5 17. Qc2 Qc8 18. f3 Rb8 19. Nd1 Nxg4 20. fxg4 Bxg4 21. Ne3 Bxe2 22. Qxe2 Qb7 23. Rb1 a4 24.
O-O Qc8 25. Ngf5 Kh7 26. Rf2 a3 27. b3 Qd7 28. Rbf1 f6 29. Qg4 Qf7 30. Ng3 Rbd8 31. Qf5+ Kg8 32. Ng4 Rd7 33. Qg6 Qxg6 34. hxg6 Kh8 35.
Nh5 Re7 36. Ngxf6 Bxf6 37. Rxf6 1-0